 Dungeon Crawl Stone Soup version 0.31-a0-1165-g196b491b36 (webtiles) character file.

Game seed: 16430529832601291906

415 jasper the Reanimator (level 6, -6/41 HPs)
             Began as a Mummy Necromancer on Dec 9, 2023.
             Mangled by an iguana (12 damage)
             ... on level 5 of the Dungeon.
             The game lasted 00:05:37 (4112 turns).

jasper the Reanimator (Mummy Necromancer)           Turns: 4112, Time: 00:05:38

Health: -6/41      AC:  2    Str: 18    XL:     6   Next: 60%
Magic:  0/10       EV: 11    Int: 17    God:
Gold:   279        SH:  0    Dex:  8    Spells: 1/11 levels left

rFire   . . .        k - +1 short sword (speed)
rCold   + . .        (no shield)
rNeg    + + +        a - +0 robe
rPois   ∞            (no helmet)
rElec   .            (no cloak)
rCorr   .            (no gloves)
SInv    .            (no boots)
Will    .....        (no amulet) Stlth
                     d - ring of Hauruis {Fly rF+ Str+7 Dex-4 Stlth-}
HPRegen 0.26/turn    (no ring)
MPRegen 0.12/turn

%: faith
@: flying, very slightly contaminated
A: cold resistance 1, negative energy resistance 3, torment resistance 2, heat
vulnerability 1, in touch with death 1, no potions, faith
a: no special abilities


You were on level 5 of the Dungeon.
You visited 1 branch of the dungeon, and saw 5 of its levels.

You collected 279 gold pieces.

Inventory:

Hand Weapons
 b - a +0 short sword
 k - a +1 short sword of speed (weapon)
Missiles
 c - 67 stones
 f - 2 silver javelins
 m - 2 poisoned darts
Armour
 a - a +0 robe (worn)
Jewellery
 d - the ring of Hauruis (left hand) {Fly rF+ Str+7 Dex-4 Stlth-}
   (You acquired it on level 4 of the Dungeon)

   [ring of flight]

   Str+7:     It affects your strength (+7).
   Dex-4:     It affects your dexterity (-4).
   rF+:       It protects you from fire.
   Fly:       It grants you flight.
   Stlth-:    It makes you less stealthy.
Wands
 q - a wand of iceblast (4)
Scrolls
 e - a scroll of enchant weapon
 h - a scroll of immolation
 i - 2 scrolls of teleportation
 j - a scroll of fog
 l - a scroll of enchant armour
 n - a scroll of amnesia {unknown}
 o - a scroll of revelation
 p - a scroll of fear


   Skills:
 - Level 1.5 Dodging
 - Level 1.5 Stealth
 - Level 3.0 Spellcasting
 + Level 8.0 Necromancy


You had one spell level left.
You knew the following spells:

 Your Spells              Type           Power      Damage    Failure   Level
a - Necrotise             Necr           100%       1d9       1%          1
b - Vampiric Draining     Necr           44%        2d9       1%          3
c - Cigotuvi's Dreadful   Necr/Pois/Air  34%        N/A       9%          2
d - Dispel Undead         Necr           44%        3d17      6%          4

Your spell library contained the following spells:

 Spells                   Type           Power      Damage    Failure   Level
 Magic Dart               Conj           8%         1d3       17%         1
 Animate Dead             Necr           44%        N/A       6%          4
 Agony                    Necr           44%        N/A       19%         5
 Call Imp                 Summ           4%         N/A       26%         2
 Ensorcelled Hibernation  Hex/Ice        4%         N/A       26%         2
 Passwall                 Tmut/Erth      1%         N/A       26%         2
 Mephitic Cloud           Conj/Pois/Air  2%         N/A       45%         3
 Swiftness                Air            2%         N/A       45%         3
 Death Channel            Necr           22%        N/A       69%         6
 Summon Ice Beast         Ice/Summ       2%         N/A       86%         4
 Summon Mana Viper        Hex/Summ       2%         N/A       99%         5
 Monstrous Menagerie      Summ           1%         N/A       100%        7


Dungeon Overview and Level Annotations

Branches:
Dungeon (5/15)             Temple (0/1) D:5

Altars:
Okawaru
Qazlal
Wu Jian

Annotations:
D:3 2 transporters, 0gre's ghost, amateur GnIE


Innate Abilities, Weirdness & Mutations

You are immune to poison.
Your flesh is cold resistant. (rC+)
You are immune to negative energy. (rN+++)
You are immune to unholy pain and torment.
You are vulnerable to heat. (rF-)
You are in touch with the powers of death.
You do not drink.
You have a special connection with the divine. (Faith)


Message History

Casting: Vampiric Draining (dangerous; 2% risk of failure)
Confirm with . or Enter, or press ? or * to list all spells.
Aiming: Vampiric Draining (dangerous; 2% risk of failure)
Press: ? - help, Shift-Dir - straight line, f/p - scorpion
Aim: a scorpion (heavily wounded)
You feel a surge of power!
You draw life force from the scorpion!
You kill the scorpion!
You feel life coursing into your body. The iguana completely misses you.
Your Necromancy skill increases to level 8!
You regained 4 hp, and now have 39/41 hp.
You now have 2/10 mp.
You hit the iguana but do no damage. The iguana bites you.
You take 4 damage, and have 35/41 hp.
You closely miss the iguana. You punch the iguana, but do no damage.
You hit the iguana but do no damage. The iguana bites you!
You take 13 damage, and have 23/41 hp.
MASSIVE DAMAGE!!
You hit the iguana but do no damage. You closely miss the iguana.
The iguana bites you.
You take 5 damage, and have 18/41 hp.
Casting: Vampiric Draining (safe; 1% risk of failure)
Confirm with . or Enter, or press ? or * to list all spells.
Aiming: Vampiric Draining (safe; 1% risk of failure)
Press: ? - help, Shift-Dir - straight line, f - iguana
Aim: an iguana You feel a surge of power!
You miscast Vampiric Draining.
You are very lightly contaminated with residual magic.
Nothing appears to happen.
The iguana bites you!
* * * LOW HITPOINT WARNING * * *
You take 13 damage, and have 5/41 hp.
MASSIVE DAMAGE!!
You now have 0/10 mp.
Aiming: Iceblast
Press: ? - help, Shift-Dir - straight line, p - iguana The mass of ice explodes!
The iceblast engulfs the iguana.
The iguana is moderately wounded.
The iguana misses you.
Aiming: Iceblast
Press: ? - help, Shift-Dir - straight line The mass of ice explodes!
The iceblast engulfs the iguana!
The iguana is severely wounded.
The iguana bites you!
You die...

..##.#...... ...
........
##.###.....###
#..#~~~~~~~~~# #
#..#~#.....#~#..
#...~.......~...
#...~....l..~..#
###...~...@...~..# ###
#.....~.......~... ..#
#.#...~.......~..# ..#
#.##.#~#.....#~#..
..#####.##.#~~~~~~~~~#
#
...........###.....###
.#.#####.#...........
.#.# #......#####.#
...# ########


You could see an iguana.

Vanquished Creatures
  Menkaure (D:4)
  A bullfrog (D:5)
  A scorpion (D:5)
  Ijyb (D:4)
  8 adders
  4 worms
  5 orcs (D:4)
  10 ball pythons
  4 endoplasms
  3 giant cockroaches
  3 goblins
  6 hobgoblins
  4 bats
  3 frilled lizards
  6 kobolds
  3 rats
63 creatures vanquished.

Vanquished Creatures (collateral kills)
  A goblin (D:4)
1 creature vanquished.

Grand Total: 64 creatures vanquished

Notes
Turn   | Place    | Note
-------+----------+-------------------------------------------
     0 | D:1      | jasper the Mummy Necromancer began the quest for the Orb.
     0 | D:1      | Reached XP level 1. HP: 13/13 MP: 4/4
   450 | D:1      | Reached XP level 2. HP: 19/19 MP: 4/6
   840 | D:2      | Reached skill level 5 in Necromancy
   840 | D:2      | Reached XP level 3. HP: 7/24 MP: 1/7
   847 | D:2      | Learned a level 3 spell: Vampiric Draining
  1774 | D:3      | Reached XP level 4. HP: 30/30 MP: 6/8
  1930 | D:3      | Found a transporter.
  2512 | D:3      | Found a transporter.
  2512 | D:3      | Noticed an ogre
  2513 | D:3      | Noticed 0gre's ghost (amateur GnIE)
  2519 | D:3      | Noticed an ogre
  2524 | D:3      | Noticed an ogre
  2676 | D:4      | Noticed Ijyb
  2791 | D:4      | Killed Ijyb
  2890 | D:4      | Found an ornate altar of the Wu Jian Council.
  2961 | D:4      | Reached skill level 6 in Necromancy
  3071 | D:4      | Found an iron altar of Okawaru.
  3187 | D:4      | Reached XP level 5. HP: 29/35 MP: 4/9
  3192 | D:4      | Learned a level 2 spell: Cigotuvi's Dreadful Rot
  3197 | D:4      | Learned a level 4 spell: Dispel Undead
  3762 | D:4      | Noticed Menkaure
  3769 | D:4      | Killed Menkaure
  3770 | D:4      | Reached skill level 7 in Necromancy
  3770 | D:4      | Reached XP level 6. HP: 17/41 MP: 0/10
  3922 | D:4      | Identified a scroll of acquirement
  3922 | D:4      | Acquired the ring of Hauruis {Fly rF+ Str+7 Dex-4 Stlth-}
  3947 | D:5      | Entered Level 5 of the Dungeon
  3983 | D:5      | Found a stormy altar of Qazlal.
  4086 | D:5      | Found a staircase to the Ecumenical Temple.
  4105 | D:5      | Reached skill level 8 in Necromancy
  4112 | D:5      | Mangled by an iguana

Illustrated notes

Levels and vault maps discovered:
D:1:      minmay_arrival_cross, layout_rooms, chequers_arboretum
D:2:      layout_basic, serial_curves, eino_curves_04, eino_curves_04
D:3:      layout_basic, gammafunk_ghost_smash
D:4:      layout_basic, nzn_wu_jian_contemplation, kennysheep_mini_moat,
          saegor_snake_ambush, uniq_ijyb, uniq_menkaure
D:5:      layout_loops_corners, nicolae_qazlal_scattered_showers,
          minmay_temple_entry_water_ring

Skill      XL: |  1  2  3  4  5  6 |
---------------+-------------------+-----
Spellcasting   | 3 |  3.0
Necromancy     | 5 6 7 8 |  8.0
Dodging        | |  1.5
Stealth        | |  1.5

Action                     |  1- 3 |  4- 6 || total
---------------------------+-------+-------++-------
  Melee: Short sword       |    14 |    18 ||    32
         Punch             |       |     1 ||     1
   Cast: Necrotise         |    58 |    59 ||   117
         Vampiric Draining |     1 |     7 ||     8
         Dispel Undead     |       |     2 ||     2
  Evoke: Wand              |       |     2 ||     2
    Use: Scroll            |       |     9 ||     9
 Armour: Robe              |    15 |    29 ||    44
  Dodge: Dodged            |    18 |    23 ||    41

Table legend: (Time is in decaauts)
 A = Elapsed time spent in this place.
 B = Non-inter-level travel time spent in this place.
 C = Inter-level travel time spent in this place.
 D = Time resting spent in this place.
 E = Time spent auto-exploring this place.
 F = Levels seen in this place.
 G = Mean time per level.
                   A        B        C        D        E       F      G
               +--------+--------+--------+--------+--------+-----+--------+
         Total |   4117 |   3970 |    147 |     93 |   3436 |   5 |  823.4 |
       Dungeon |   4117 |   3970 |    147 |     93 |   3436 |   5 |  823.4 |
               +--------+--------+--------+--------+--------+-----+--------+

Top non-repeatable levels by time:
     D:4: 1314 daAuts
     D:2: 1119 daAuts
     D:3: 960 daAuts
     D:1: 560 daAuts
     D:5: 162 daAuts
